 Dungeon Crawl Stone Soup version 0.19-a0-475-gfca3800 (webtiles) character file.

376 namelastname112 the Grave Robber (level 6, -1/36 HPs)
             Began as a Tengu Necromancer on June 4, 2016.
             Slain by a hound (5 damage)
             ... on level 3 of the Dungeon.
             The game lasted 00:06:50 (3754 turns).

namelastname112 the Grave Robber (TeNe)             Turns: 3754, Time: 00:06:51

Health: -1/36      AC:  3    Str: 11    XL:     6   Next: 73%
Magic:  2/11       EV: 13    Int: 15    God:
Gold:   219        SH:  0    Dex: 14    Spells: 3 memorised, 6 levels left

rFire  . . .     SeeInvis .     f - +1 dagger (speed)
rCold  . . .     Gourm    .     a - +0 robe
rNeg   . . .     Faith    .     (no shield)
rPois  .         Spirit   .     (helmet restricted)
rElec  .         Dismiss  .     t - +0 cloak
rCorr  .         Reflect  .     (no gloves)
SustAt .         Harm     .     (boots unavailable)
MR     .....                    (no amulet)
Stlth  +++.......               (no ring)
                                d - ring of stealth

@: not resistant to hostile enchantments, fairly stealthy
A: beak, talons 3, able to fly 1
a: Fly


You were on level 3 of the Dungeon.
You were not hungry.

You visited 1 branch of the dungeon, and saw 4 of its levels.

You collected 219 gold pieces.

Inventory:

Hand Weapons
 f - a +1 dagger of speed (weapon)
Armour
 a - a +0 robe (worn)
 p - a +0 buckler
 t - a +0 cloak (worn)
Jewellery
 d - a ring of stealth (left hand)
Wands
 v - a wand of flame (8/48)
 w - a wand of iceblast (7/15)
Scrolls
 i - a scroll of teleportation {unknown}
 k - a scroll of immolation {unknown}
 m - 3 scrolls of fear {unknown}
 n - a scroll of random uselessness {unknown}
 q - a scroll of blinking {unknown}
 x - a scroll of recharging {unknown}
Potions
 e - a potion of brilliance
 g - a potion of lignification
 j - 2 potions of heal wounds {unknown}
 o - 2 potions of cure mutation {unknown}
Books
 b - a book of Necromancy

   Spells                             Type                      Level
   a - Pain                           Necromancy                   1
   b - Animate Skeleton               Necromancy                   1
   c - Vampiric Draining              Necromancy                   3
   d - Regeneration                   Charms/Necromancy            3
   e - Animate Dead                   Necromancy                   4
   f - Control Undead                 Necromancy                   4
Miscellaneous
 r - a plain deck of war {drawn: 6}
Comestibles
 c - 2 bread rations
 h - 2 meat rations
 s - 3 fruits
 u - a slice of pizza


   Skills:
 + Level 2.4 Fighting
 * Level 2.6 Short Blades
 + Level 3.5 Dodging
 - Level 2.0 Stealth
 + Level 3.1 Spellcasting
 * Level 6.1 Necromancy


You had 6 spell levels left.
You knew the following spells:

 Your Spells              Type           Power        Failure   Level  Hunger
a - Animate Skeleton      Necr           N/A          1%          1    #......
s - Vampiric Draining     Necr           ###.......   6%          3    ###....
z - Pain                  Necr           ###.         1%          1    #......


Dungeon Overview and Level Annotations

Branches:
Dungeon (4/15)
 Temple: D:4-7

Altars:
Nemelex Xobeh
Yredelemnul
The Shining One


Innate Abilities, Weirdness & Mutations

You have a beak for a mouth.
You have claws for feet.
You can fly.


Message History

There is a stone staircase leading down here.
You hit the hound. Your kick misses the hound.
The hound is lightly wounded.
You hit the hound. Your kick misses the hound.
The hound is moderately wounded.
The hound misses you.
You barely miss the hound. Your kick misses the hound.
The hound is moderately wounded.
The hound bites you.
* * * LOW HITPOINT WARNING * * *
You take 4 damage, and have 6/36 hp.
You barely miss the hound. Your peck misses the hound.
The hound is moderately wounded.
The hound bites you.
* * * LOW HITPOINT WARNING * * *
You take 2 damage, and have 4/36 hp.
The hound misses you.
All of the chunks of flesh in your inventory have rotted away.
The hound bites you.
You die...

#######.# #####.#Z#.#####
#######....(#.# ###.#.#.#
......'.....#.# #..Z..#Z#
#######.....#.# #.#.#...#
#####.....#.# #.#.#.###
#...###'###.# #.#.#.# ###.#.#
#.###.#######.#.#.#
....#.###.#..........[..#.#######
.............>.h@...###.#.#...<[#
)#..#..)..#.............#..#.####
.#..###.###.#######...####.#.#
...Z# #.# #.##.............#.###
.##.# #.# #.#..#.(........)....#
.##.###.# #)##.#.####.#......#.#
.##.....###.##Z#.#....##.#####.#
.###......#.##.#.#.#####.# #.# .#
#.#..#.#....#.#.#####.# #.#


You could see a hound.

Vanquished Creatures
  Menkaure (D:4)
  An orc priest (D:4)
  Terence (D:3)
  Robin (D:1)
  An adder (D:2)
  An ooze (D:1)
  A worm (D:2)
  4 dart slugs
  2 giant geckos (D:1)
  2 orcs
  10 bats
  2 giant cockroaches
  8 hobgoblins
  8 jackals
  6 kobolds
  A quokka (D:3)
  2 ball pythons
  5 giant newts
  13 goblins
  6 rats
76 creatures vanquished.

Vanquished Creatures (collateral kills)
  Eustachio (D:3)
  A rat (D:3)
2 creatures vanquished.

Grand Total: 78 creatures vanquished

Notes
Turn   | Place    | Note
--------------------------------------------------------------
     0 | D:1      | namelastname112 the Tengu Necromancer began the quest for the Orb.
     0 | D:1      | Reached XP level 1. HP: 10/10 MP: 4/4
   199 | D:1      | jacquesderrida: kroko dil
   317 | D:1      | Reached XP level 2. HP: 6/15 MP: 4/6
   483 | D:1      | Learned a level 1 spell: Animate Skeleton
   734 | D:1      | Reached skill level 5 in Necromancy
   734 | D:1      | Reached XP level 3. HP: 10/20 MP: 3/7
   776 | D:1      | Learned a level 3 spell: Vampiric Draining
  1117 | D:1      | Reached skill level 1 in Fighting
  1413 | D:2      | Found a glowing golden altar of the Shining One.
  1422 | D:2      | Found a basalt altar of Yredelemnul.
  1523 | D:2      | Found a sparkling altar of Nemelex Xobeh.
  1681 | D:2      | Reached XP level 4. HP: 22/25 MP: 4/8
  1931 | D:2      | Noticed Robin
  1988 | D:1      | Killed Robin
  2356 | D:2      | Noticed an angel
  2872 | D:3      | Noticed Terence
  2900 | D:3      | Killed Terence
  2900 | D:3      | Gained mutation: You can fly. [Tengu growth]
  2900 | D:3      | Reached XP level 5. HP: 24/30 MP: 3/9
  3170 | D:4      | Noticed Eustachio
  3177 | D:4      | Noticed Menkaure
  3510 | D:3      | Killed Eustachio
  3510 | D:3      | Reached skill level 1 in Short Blades
  3719 | D:4      | Killed Menkaure
  3719 | D:4      | Reached skill level 6 in Necromancy
  3719 | D:4      | Reached XP level 6. HP: 36/36 MP: 11/11
  3754 | D:3      | Slain by a hound

Vault maps used:
D:1:      dpeg_arrival_tiny_h, nrook_mini_vaults, kennysheep_small_spiral
D:2:      forest_paths, grunt_temple_overflow_holy_war, nemelex_deck,
          serial_forest, infiniplex_forest_clump_tiny,
          infiniplex_forest_lined_2, infiniplex_forest_lined_3_way,
          infiniplex_forest_lined_room_2, infiniplex_forest_clump_C,
          infiniplex_forest_clump_C, corexii_item_surrounded_by_moat, uniq_robin
D:3:      first_bread, uniq_terence
D:4:      grunt_temple_overflow_forces_of_nature, serial_shops, kennysheep_mini,
          shop, uniq_duvessa, uniq_eustachio, uniq_menkaure

Skill      XL: |  1  2  3  4  5 |
---------------+----------------+-----
Necromancy     | 5 6 |  6.1
Fighting       | 1 2 |  2.4
Dodging        | 3 |  3.5
Short Blades   | 2 |  2.6
Spellcasting   | 3 |  3.1
Stealth        | |  2.0

Action                   |  1- 3 |  4- 6 || total
-------------------------+-------+-------++-------
Melee: Unarmed           |     1 |       ||     1
       Dagger            |     3 |    46 ||    49
       Kick              |     1 |     4 ||     5
       Peck              |       |     3 ||     3
 Cast: Pain              |    66 |    48 ||   114
       Animate Skeleton  |     7 |    11 ||    18
       Vampiric Draining |       |     6 ||     6
Evoke: Deck              |       |     6 ||     6
       Wand              |       |     5 ||     5
  Use: Scroll            |     2 |     2 ||     4
  Eat: Chunk             |     3 |     8 ||    11
Armor: Robe              |     1 |    10 ||    11
Dodge: Dodged            |    13 |    54 ||    67
